Map: Eternal Empire LE

Players

Omedon

  • Race: Protoss Protoss
  • League: Diamond
  • Spawn Location: 7:00

Zaechus - Winner!

  • Race: Protoss Protoss
  • League: Diamond
  • Spawn Location: 1:00

VOD

Have the link to the VOD?

Description

Time

  • Played on: Aug. 3, 2020, 7:28 p.m.
  • Length: 5:30
Show
View Real Time Build Order
Export as new Build Order

Omedon Protoss 

Build Orders:  

Get SALT Encoding   

  12  0:00  Probe  
  13  0:12  Probe  
  14  0:17  Pylon  
  14  0:25  Probe (Chrono Boost)  
  15  0:37  Probe (Chrono Boost)  
  15  0:39  Gateway  
  16  0:46  Probe (Chrono Boost)  
  17  0:53  Probe  
  18  0:57  Assimilator  
  18  1:01  Assimilator  
  18  1:05  Probe  
  19  1:14  Gateway  
  19  1:18  Probe  
  20  1:28  Cybernetics Core  
  20  1:30  Probe  
  21  1:34  Pylon  
  21  1:42  Probe  
  22  1:54  Probe  
  23  2:05  Stalker  
  23  2:06  Stalker, Probe  
  23  2:07  Warp Gate (Chrono Boost)  
  28  2:18  Probe  
  28  2:19  Pylon  
  29  2:28  Shield Battery  
  29  2:54  Probe  
  29  2:56  Nexus  
  29  2:58  Sentry  
  32  3:00  Sentry  
  34  3:06  Probe  
  35  3:18  Probe  
  36  3:20  Pylon  
  36  3:27  Shield Battery  
  36  3:34  Gateway  
  36  3:42  Shield Battery  
  36  3:50  Adept x2  
  40  4:09  Probe  
  41  4:11  Gateway  
  41  4:12  Adept x2  
  45  4:23  Pylon  
  45  4:30  Sentry  
  47  4:41  Adept  
  49  4:49  Pylon  
Show
View Real Time Build Order
Export as new Build Order

Zaechus Protoss - Winner!

Build Orders:  

Get SALT Encoding   

  12  0:00  Probe  
  13  0:12  Probe  
  14  0:18  Pylon  
  14  0:24  Probe  
  15  0:37  Probe (Chrono Boost)  
  15  0:40  Gateway  
  16  0:48  Probe (Chrono Boost)  
  16  0:49  Assimilator  
  17  0:53  Probe (Chrono Boost)  
  18  0:57  Assimilator  
  18  1:03  Probe  
  19  1:13  Gateway  
  19  1:15  Probe  
  20  1:27  Probe (Chrono Boost)  
  20  1:28  Cybernetics Core  
  21  1:39  Probe (Chrono Boost)  
  22  1:43  Pylon  
  22  1:46  Probe (Chrono Boost)  
  23  2:04  Adept x2  
  27  2:09  Robotics Facility  
  27  2:12  Warp Gate  
  27  2:20  Pylon  
  27  2:34  Stalker x2  
  30  2:55  Immortal (Chrono Boost)  
  34  3:02  Pylon  
  34  3:04  Stalker  
  36  3:12  Stalker  
  38  3:25  Warp Prism (Chrono Boost)  
  40  3:39  Shield Battery  
  38  4:09  Stalker x2  
  42  4:16  Immortal (Chrono Boost)  
  46  4:25  Pylon  
  46  4:45  Stalker  
  46  4:46  Stalker  
  48  5:22  Stalker x2  
Tags
 
Add a new tag
Caveats
  • Supply blocks, unpowered buildings, or Contaminate may cause inaccurate times.
  • Supply counts are checked every 10 seconds.